 Dungeon Crawl Stone Soup version 0.30.1-3-gfc49f6343a (webtiles) character file.

Game seed: 15012578133983852988

23 Gorgoleon the Grave Robber (level 3, 24/24 HPs)
             Began as a Human Necromancer on Aug 8, 2023.
             Quit the game on level 2 of the Dungeon.
             The game lasted 00:03:34 (990 turns).

Gorgoleon the Grave Robber (Human Necromancer)       Turns: 990, Time: 00:03:35

Health: 24/24      AC:  2    Str:  8    XL:     3   Next: 12%
Magic:  6/6        EV: 12    Int: 17    God:
Gold:   34         SH:  0    Dex: 13    Spells: 2/6 levels left

rFire   . . .        d - +0 dagger
rCold   . . .        (no shield)
rNeg    . . .        a - +0 robe
rPois   .            (no helmet)
rElec   .            (no cloak)
rCorr   .            (no gloves)
SInv    +            (no boots)
Will    .....        j - amulet of magic regeneration
Stlth   ++           h - ring of see invisible
HPRegen 0.24/turn    (no ring)
MPRegen 0.50/turn

%: no passive effects
@: no status effects
A: no striking features
a: no special abilities


You were on level 2 of the Dungeon.
You visited 1 branch of the dungeon, and saw 2 of its levels.

You collected 34 gold pieces.

Inventory:

Hand Weapons
 d - a +0 dagger (weapon)
Missiles
 i - 2 poisoned darts
Armour
 a - a +0 robe (worn)
Jewellery
 h - a ring of see invisible (left hand)
 j - an amulet of magic regeneration (around neck)
Scrolls
 f - a scroll of teleportation {unknown}
Potions
 b - a potion of magic
 c - a potion of brilliance {unknown}
 e - a potion of curing {unknown}
 g - a potion of invisibility {unknown}


   Skills:
 - Level 2.1 Dodging
 - Level 2.1 Stealth
 - Level 2.3 Spellcasting
 + Level 4.5 Necromancy


You had 2 spell levels left.
You knew the following spells:

 Your Spells              Type           Power      Damage    Failure   Level
a - Necrotise             Necr           68%        1d7       3%          1
b - Vampiric Draining     Necr           17%        2d7       9%          3

Your spell library contained the following spells:

 Spells                   Type           Power      Damage    Failure   Level
 Beastly Appendage        Tmut           2%         N/A       19%         1
 Wereblood                Tmut           1%         N/A       28%         2
 Animate Dead             Necr           17%        N/A       28%         4
 Spider Form              Tmut/Pois      1%         N/A       50%         3
 Agony                    Necr           17%        N/A       63%         5


Dungeon Overview and Level Annotations

Branches:
Dungeon (2/15)

Altars:

Annotations:
D:2 Sigmund


Message History

j - an amulet of magic regeneration (around neck)
Your amulet attunes itself to your body and you begin to regenerate magic more quickly.
You swap places.
You see here a +0 club.
Done exploring.
Done exploring.
Done exploring.
There is a stone staircase leading down here.
You climb downwards.
There is a stone staircase leading up here.
You climb upwards.
Your goblin skeleton crumbles into dust!
There is a stone staircase leading down here.
There is a stone staircase leading down here.
You climb downwards.
The adder hisses angrily.
The hobgoblin shouts!
Sigmund shouts!
There is a stone staircase leading up here.
You climb upwards.
There is a stone staircase leading down here.
There is an open door here.
There is an open door here.
You see here a +0 chain mail.
There is a stone staircase leading down here.
You climb downwards.
Level annotation: Sigmund
There is a stone staircase leading up here.
A goblin comes into view. It is wielding a +0 dagger.
Aiming: Necrotise (safe; 3% risk of failure)
Press: ? - help, Q - select action, (/) - cycle Shift-Dir - straight line, f - goblin
Aim: a goblin, wielding a +0 dagger (asleep, chance to affect: 87%)
The goblin shouts!
The goblin writhes in agony.
You kill the goblin!
The dead are walking!
There is a stone staircase leading up here.
This spell is quite dangerous to cast!
Memorise Vampiric Draining, consuming 3 spell levels and leaving 2?
You start memorising the spell.
You continue memorising. x3
You finish memorising.
Spell assigned to 'b'.
Are you sure you want to abandon this character and quit the game? (Confirm with "yes".)

########### ###
#.........#...
####...#.####
#....#..)...# #
#....#.######.#
###..#........#
#......Z...###
#........#@.#.#
...#.....#....#
#. #####.#..###
# #.#..# ..#..#
#.##.. ... .#
##


You could see a friendly goblin skeleton.

Vanquished Creatures
  2 dart slugs (D:1)
  3 endoplasms (D:1)
  2 giant cockroaches (D:1)
  5 goblins
  2 kobolds (D:1)
  4 rats (D:1)
18 creatures vanquished.

Notes
Turn   | Place    | Note
-------+----------+-------------------------------------------
     0 | D:1      | Gorgoleon the Human Necromancer began the quest for the
                  | Orb.
     0 | D:1      | Reached XP level 1. HP: 13/13 MP: 3/3
   251 | D:1      | Reached XP level 2. HP: 19/19 MP: 3/5
   613 | D:1      | Reached XP level 3. HP: 24/24 MP: 2/6
   917 | D:2      | Noticed Sigmund
   990 | D:2      | Learned a level 3 spell: Vampiric Draining
   990 | D:2      | Quit the game

Illustrated notes

Levels and vault maps discovered:
D:1:      dpeg_arrival_central, layout_basic, minmay_misc_feat_room
D:2:      layout_basic, uniq_sigmund

Action                     || total
---------------------------++-------
  Melee: Unarmed           ||    13
         Dagger            ||     3
   Cast: Necrotise         ||    33
 Armour: Robe              ||     3
  Dodge: Dodged            ||     5
